 Dungeon Crawl Stone Soup version 0.31-a0-208-gdb31a4691d (webtiles) character file.

Game seed: 16919441983534213244

1414 Monkooky the Changer (level 8, -8/92 HPs)
             Began as an Ogre Monk on June 28, 2023.
             Was a Priest of Ashenzari.
             Killed from afar by a steam dragon (24 damage)
             ... with a ball of steam
             ... on level 6 of the Dungeon.
             The game lasted 00:11:13 (5805 turns).

Monkooky the Changer (Ogre Monk)                    Turns: 5805, Time: 00:11:14

Health: -8/92      AC:  6    Str: 18    XL:     8   Next: 71%
Magic:  7/15       EV: 10    Int: 17    God:    Ashenzari [***...]
Gold:   249        SH:  0    Dex: 11    Spells: 6/17 levels left

rFire   . . .        e - melded +4 hand axe
rCold   . . .        d - melded orb of the Ruined Seer {light, Range, Melee} (curse)
rNeg    . . .        b - +0 robe of Ouranomancy {Range, Comp} (curse)
rPois   .            (helmet restricted)
rElec   .            w - +2 cloak of the Omniscient Sybil {rCorr, Self, Melee} (curse)
rCorr   +            (gloves unavailable)
SInv    +            (boots unavailable)
Will    .....        (no amulet)
Stlth   +            h - ring "Tethered Disgust" {Int+6, Self, Melee} (curse)
HPRegen 0.35/turn    (no ring)
MPRegen 0.14/turn

%: clarity
@: blade hands (expiring), very slightly contaminated
A: large, unfitting armour, tough skin 1
a: End Transformation, Renounce Religion, Shatter the Chains


You were on level 6 of the Dungeon.
You worshipped Ashenzari.
Ashenzari was most pleased with you.
You had blades for hands.
You visited 1 branch of the dungeon, and saw 7 of its levels.

You collected 249 gold pieces.

Inventory:

Hand Weapons
 a - a +0 hand axe
 e - a +4 hand axe (melded)
 o - a +0 flail
 v - a +2 quarterstaff of chaos
Missiles
 l - 6 boomerangs (quivered)
 p - 9 poisoned darts
Armour
 b - the cursed +0 robe of Ouranomancy (worn) {Range, Comp}

   It has a curse which improves the following skills: Ranged Combat: Ranged
   Weapons and Throwing.
   Companions: Summonings and Necromancy.
 d - the cursed orb of the Ruined Seer (melded) {light, Range, Melee}

   It has a curse which improves the following skills: Ranged Combat: Ranged
   Weapons and Throwing.
   Melee Combat: Short Blades, Long Blades, Axes, Maces & Flails, Polearms,
   Staves and Unarmed Combat.
 w - the cursed +2 cloak of the Omniscient Sybil (worn) {rCorr, Self, Melee}
   (You took it off Crazy Yiuf on level 4 of the Dungeon)

   It has a curse which improves the following skills: Introspection: Fighting
   and Spellcasting.
   Melee Combat: Short Blades, Long Blades, Axes, Maces & Flails, Polearms,
   Staves and Unarmed Combat.
Magical Staves
 n - a staff of death
Jewellery
 h - the cursed ring "Tethered Disgust" (left blade hand) {Int+6, Self, Melee}
   (You found it on level 1 of the Dungeon)

   [ring of intelligence]

   Int:       It affects your intelligence (+6).
   It has a curse which improves the following skills: Introspection: Fighting
   and Spellcasting.
   Melee Combat: Short Blades, Long Blades, Axes, Maces & Flails, Polearms,
   Staves and Unarmed Combat.
Wands
 c - a wand of polymorph (5)
Scrolls
 f - 5 scrolls of teleportation
 g - 6 scrolls of identify
 i - a scroll of blinking
 q - a scroll of torment
 r - a scroll of poison
 s - a scroll of noise
 t - a scroll of immolation
 u - 2 scrolls of amnesia
 y - a scroll of enchant armour
Potions
 j - 3 potions of brilliance
 k - a potion of enlightenment
 m - a potion of cancellation
 x - a potion of invisibility


   Skills:
 - Level 6.9(9.2) Fighting
 - Level 3.1(5.6) Axes
 - Level 3.3(5.7) Maces & Flails
 - Level 2.8 Dodging
 + Level 0.3(1.1) Unarmed Combat
 - Level 3.1(5.0) Spellcasting
 - Level 7.1 Transmutations


You had 6 spell levels left.
You knew the following spells:

 Your Spells              Type           Power      Damage    Failure   Level
a - Slow                  Hex            16%        N/A       54%         1
b - Vampiric Draining     Necr           4%         2d6       78%         3
c - Blade Hands           Tmut           14%        N/A       65%         5
d - Wereblood             Tmut           28%        N/A       16%         2

Your spell library contained the following spells:

 Spells                   Type           Power      Damage    Failure   Level
 Beastly Appendage        Tmut           56%        N/A       14%         1
 Spider Form              Tmut/Pois      16%        N/A       45%         3
 Confusing Touch          Hex            4%         N/A       80%         3
 Portal Projectile        Hex/Tloc       8%         N/A       80%         3
 Tukima's Dance           Hex            4%         N/A       80%         3


Dungeon Overview and Level Annotations

Branches:
Dungeon (7/15)
 Temple: D:4-7

Altars:
Ashenzari
Qazlal
Wu Jian

Shops:
D:4 :   D:5 :

Annotations:
D:3 exclusion: downstairs
D:4 exclusion: downstairs


Innate Abilities, Weirdness & Mutations

You have blades for hands.
Your spellcasting is less reliable in this form.
You are incapable of wielding weapons or throwing items.
You are too large for most types of armour.
You have tough skin. (AC +1)


Message History

You slice the steam dragon!!
The steam dragon is severely wounded.
The white imp gestures at you. The puff of frost hits you!
The steam dragon barely misses you. The steam dragon claws you.
You hit the steam dragon.
The steam dragon is severely wounded.
The white imp gestures at you. The puff of frost hits you!
The steam dragon breathes steam at you. The ball of steam hits you!!
Unknown command.
You hit the steam dragon.
The steam dragon is severely wounded.
You are engulfed in a cloud of scalding steam.
The steam dragon misses you. The steam dragon claws you.
* * * LOW HITPOINT WARNING * * *
Unknown command.
The steam dragon attacks as you move away!
The steam dragon closely misses you. The steam dragon claws you.
* * * LOW HITPOINT WARNING * * *
Unknown command.
You hit the steam dragon but do no damage.
The steam dragon is severely wounded.
The white imp gestures at you. The puff of frost hits you.
* * * LOW HITPOINT WARNING * * *
The steam dragon bites you.
* * * LOW HITPOINT WARNING * * *
The steam dragon closely misses you.
You hit the steam dragon but do no damage.
The steam dragon is severely wounded.
The steam dragon bites you but does no damage.
The steam dragon closely misses you.
Unknown command.
You hit the steam dragon.
The steam dragon is severely wounded.
The steam dragon breathes steam at you. The ball of steam hits you!!
You die...

##...#########
**.# ,
####.........# .#
* , # ####......#
.# * # , ,,
#......### *.# #.#
, ,,* ###....(.##
.# ...# , * ,,* *
######..##.#.....
,, ,
..........5.......
*
*##...§..§....####
#...§...@D.?.....
#....§§..########
* #...$.§..#
#..§§§§..#
#........#
#........#
#########


You could see a steam dragon (catching breath) and a white imp.

Vanquished Creatures
  A wyvern (D:5)
  A water moccasin (D:5)
  An ogre (D:4)
  A centaur (D:5)
  2 scorpions
  3 wights (D:7)
  4 hounds
  4 orc priests
  Crazy Yiuf (D:4)
  3 orc wizards
  2 sleepcaps
  4 iguanas
  Terence (D:3)
  Robin (D:3)
  3 gnolls
  4 adders
  A shadow imp (D:5)
  A white imp (D:5)
  A worm (D:2)
  A dart slug (D:3)
  24 orcs
  10 endoplasms
  2 giant cockroaches
  17 goblins
  10 hobgoblins
  2 jackals (D:2)
  5 kobolds
  3 quokkas
  5 ball pythons
  4 bats
  6 frilled lizards
  8 rats
136 creatures vanquished.

Notes
Turn   | Place    | Note
-------+----------+-------------------------------------------
     0 | D:1      | Monkooky the Ogre Monk began the quest for the Orb.
     0 | D:1      | Reached XP level 1. HP: 24/24 MP: 1/1
   119 | D:1      | Reached XP level 2. HP: 32/33 MP: 2/2
   250 | D:1      | Reached skill level 5 in Fighting
   313 | D:1      | Reached XP level 3. HP: 36/42 MP: 3/3
   661 | D:2      | Found a faded altar of an unknown god.
  1191 | D:3      | Noticed Robin
  1279 | D:2      | Reached XP level 4. HP: 42/52 MP: 4/4
  1325 | D:3      | Killed Robin
  1940 | D:3      | Noticed Terence
  1947 | D:3      | Killed Terence
  1948 | D:3      | Reached skill level 1 in Maces & Flails
  1948 | D:3      | Reached XP level 5. HP: 46/61 MP: 5/5
  2385 | D:4      | HP: 2/61 [iguana (10)]
  2389 | D:4      | Reached XP level 6. HP: 18/68 MP: 6/6
  2607 | D:4      | Learned a level 1 spell: Slow
  2627 | D:4      | Learned a level 3 spell: Vampiric Draining
  2845 | D:4      | Learned a level 5 spell: Blade Hands
  2870 | D:4      | Found a broken altar of Ashenzari.
  2887 | D:4      | Became a worshipper of Ashenzari the Shackled
  2980 | D:4      | Reached * piety under Ashenzari
  3129 | D:4      | Learned a level 2 spell: Wereblood
  3390 | D:4      | Found Boucheut's Book Emporium.
  3409 | D:4      | Reached skill level 1 in Transmutations
  3474 | D:4      | Found a runed translucent door.
  3475 | D:4      | Noticed Crazy Yiuf
  3782 | D:5      | Entered Level 5 of the Dungeon
  4033 | D:4      | Killed Crazy Yiuf
  4034 | D:4      | Reached XP level 7. HP: 23/79 MP: 12/12
  4231 | D:5      | You fall into a shaft and drop 2 floors!
  4258 | D:7      | Reached skill level 2 in Transmutations
  4277 | D:7      | Reached skill level 3 in Transmutations
  4279 | D:7      | HP: 3/79 [orc wizard/+0 dagger (3)]
  4558 | D:7      | Reached skill level 4 in Transmutations
  4655 | D:6      | Reached XP level 8. HP: 59/88 MP: 13/13
  4790 | D:5      | Reached skill level 5 in Transmutations
  4797 | D:5      | Reached ** piety under Ashenzari
  4838 | D:5      | Identified the +1 ring mail "Erhoum" {rF+ Int+3 Dex-3}
  4881 | D:5      | Found an ornate altar of the Wu Jian Council.
  5067 | D:5      | Found Kinnui's Self-Improvement Boutique.
  5097 | D:5      | Noticed a wyvern
  5165 | D:5      | Killed a wyvern
  5166 | D:5      | Reached skill level 6 in Transmutations
  5260 | D:5      | Identified the cursed orb of the Ruined Seer {light, Range,
                  | Melee}
  5390 | D:5      | Reached skill level 7 in Transmutations
  5461 | D:5      | Found a stormy altar of Qazlal.
  5792 | D:6      | Reached *** piety under Ashenzari
  5805 | D:6      | Killed from afar by a steam dragon

Illustrated notes

Levels and vault maps discovered:
D:1:      ncdulo_wetmaze, layout_rooms
D:2:      layout_basic, dreamdust_ecumenical_altar_angels_and_demons
D:3:      layout_rooms, wad_orctagon, uniq_terence, uniq_robin
D:4:      layout_gridville, evilmike_ruin_ashenzari, serial_shops, shop,
          uniq_crazy_yiuf_cottage
D:5:      layout_basic, mainiacjoe_overflow_brackets, lemuel_doored_altar,
          nicolae_shop_self_help
D:6:      layout_basic, minmay_temple_entry_tees, minmay_door_square,
          uniq_maggie
D:7:      layout_rooms

Skill      XL: |  1  2  3  4  5  6  7  8 |
---------------+-------------------------+-----
Fighting       | 5 6 |  6.9
Maces & Flails | 1 3 |  3.3
Spellcasting   | 2 3 |  3.1
Transmutations | 1 4 7 |  7.1
Axes           | |  3.1
Dodging        | |  2.8
Unarmed Combat | |  0.3

Action                     |  1- 3 |  4- 6 |  7- 9 || total
---------------------------+-------+-------+-------++-------
  Melee: Hand axe          |   107 |   186 |   108 ||   401
         Unarmed           |       |       |    11 ||    11
  Throw: Dart              |       |     4 |     2 ||     6
         Boomerang         |       |       |     9 ||     9
   Cast: Wereblood         |       |     2 |     2 ||     4
         Slow              |       |     2 |       ||     2
         Blade Hands       |       |       |     2 ||     2
 Invoke: Curse Item        |       |     2 |     2 ||     4
    Use: Potion            |       |     1 |     1 ||     2
 Armour: Robe              |    36 |    42 |    35 ||   113
  Dodge: Dodged            |    59 |   120 |    54 ||   233

Table legend: (Time is in decaauts)
 A = Elapsed time spent in this place.
 B = Non-inter-level travel time spent in this place.
 C = Inter-level travel time spent in this place.
 D = Time resting spent in this place.
 E = Time spent auto-exploring this place.
 F = Levels seen in this place.
 G = Mean time per level.
                   A        B        C        D        E       F      G
               +--------+--------+--------+--------+--------+-----+--------+
         Total |   5833 |   5521 |    312 |    901 |   3586 |   7 |  833.3 |
       Dungeon |   5833 |   5521 |    312 |    901 |   3586 |   7 |  833.3 |
               +--------+--------+--------+--------+--------+-----+--------+

Top non-repeatable levels by time:
     D:4: 1931 daAuts
     D:3: 996 daAuts
     D:5: 943 daAuts
     D:2: 742 daAuts
     D:1: 580 daAuts
     D:7: 368 daAuts
     D:6: 270 daAuts
